wizbiz, neutral female human Wizard ------ |....| |..`.| |....| }|....|.}}}}}} }|....|.}}}}}} }|....|.}}}}}} }|..`E|.}}}}}} }|...%|.}}}}}} }|....|.}}}}}} }|....|.}}}}}} }|.@@}|...}}}. }|g@V}|...}}.} }|OuD}|...}}}} }|....|}}}}}.. ------ wizbiz the Magician Experience level: 12 Strength: 18 Dexterity: 16 Constitution: 18 Intelligence: 18 Wisdom: 17 Charisma: 12 Health: 0(111) Energy: 20(129) Def: 15 Gold: 71 Moves: 34900 Dungeon seed: nQlrGurseklh4yYs Game ID: wizbiz_1526843027 Your Inventory: Coins $ - 71 gold pieces Amulets x - an uncursed amulet of magical breathing (being worn) Weapons C - 9 +0 elven arrows H - 7 +1 elven arrows J - the blessed rustproof +3 Magicbane (weapon in hand) L - 29 +0 arrows N - 41 +0 darts Armor e - a blessed +0 cloak of magic resistance (being worn) q - a blessed +0 silver dragon scale mail (being worn) y - an uncursed +0 pair of elven boots (being worn) G - a blessed +0 elven leather helm (being worn) Scrolls f - 4 uncursed scrolls of teleportation Spellbooks Z - an uncursed spellbook of magic mapping Potions k - a cursed potion of restore ability t - an uncursed potion of gain level R - 2 uncursed potions of healing Rings g - an uncursed ring of see invisible m - an uncursed ring of stealth o - a cursed ring of teleportation B - an uncursed +3 ring of protection (on left hand) M - an uncursed ring of levitation P - an uncursed ring of levitation S - an uncursed ring of cold resistance W - an uncursed ring of shock resistance Wands c - a wand of slow monster (0:4) h - a wand of undead turning (0:4) i - a wand of create monster (0:10) j - a wand of light (0:15) l - a wand of striking (0:0) p - a wand of striking (0:3) r - a wand of striking (0:0) s - a wand of magic missile (0:6) w - a wand of digging (0:1) D - a wand of sleep (0:7) F - a wand of magic missile (0:3) O - a wand of teleportation (0:3) Q - a wand of light (0:8) T - a wand of striking (0:2) U - a wand of striking (0:0) V - a wand of digging (0:5) Tools a - an uncursed sack d - an uncursed oil lamp (0:1087) n - an uncursed blindfold u - a blessed +0 unicorn horn v - a cursed oil lamp (0:1069) E - an uncursed skeleton key I - an uncursed leash X - an uncursed tin opener Gems z - a blessed luckstone Y - 2 uncursed worthless pieces of violet glass Contents of the sack: 16837 gold pieces an uncursed +0 cloak of displacement an uncursed clove of garlic an uncursed food ration 5 uncursed lumps of royal jelly 7 uncursed scrolls of blank paper a cursed scroll of blank paper 2 uncursed scrolls of confuse monster a cursed scroll of earth an uncursed scroll of enchant armor a cursed scroll of enchant armor an uncursed scroll of enchant weapon a cursed scroll of enchant weapon 2 uncursed scrolls of light a blessed scroll of remove curse a cursed scroll of remove curse an uncursed scroll of scare monster an uncursed spellbook of clairvoyance an uncursed spellbook of force bolt an uncursed spellbook of magic missile an uncursed potion of enlightenment an uncursed potion of extra healing 2 uncursed potions of full healing an uncursed potion of gain energy a potion of holy water 2 uncursed potions of levitation 3 uncursed potions of object detection an uncursed potion of paralysis a blessed potion of speed an uncursed potion of speed an uncursed agate stone an uncursed amber stone 4 uncursed amethyst stones 2 uncursed chrysoberyl stones an uncursed citrine stone 4 uncursed diamonds 3 uncursed emeralds 2 uncursed garnet stones an uncursed jasper stone an uncursed obsidian stone 4 uncursed rubies an uncursed topaz stone 5 uncursed worthless pieces of black glass 7 uncursed worthless pieces of blue glass 3 uncursed worthless pieces of green glass 7 uncursed worthless pieces of orange glass 6 uncursed worthless pieces of red glass 7 uncursed worthless pieces of violet glass an uncursed worthless piece of white glass 5 uncursed worthless pieces of yellow glass 6 uncursed worthless pieces of yellowish brown glass Spells and supernatural/magical abilities: Name Level Category Fail Memory a - force bolt 1 attack 0% 16% f - fireball 4 attack 0% 25% h - healing 1 healing 0% 49% i - invisibility 4 escape 91% 37% m - magic missile 2 attack 0% 80% p - protection 1 clerical 0% 50% s - slow monster 2* enchantment 0% 0% u - confuse monster 2 enchantment 0% 37% v - clairvoyance 3 divination 62% 84% E - detect food 2 divination 0% 52% F - finger of death 7 attack 43% 16% M - magic mapping 5 divination 100% 26% O - create monster 2 clerical 0% 49% W - pray for help -- divine ? -- Your skills at the end: Fighting Skills Weapon Skills dagger [Skilled] quarterstaff [Skilled] Spellcasting Skills attack spells [Expert] enchantment spells [Basic] clerical spells [Skilled] Final Attributes: You were piously aligned. You were cold resistant. You were poison resistant. You were magic-protected. You saw invisible. You were telepathic. You were stealthy. You could survive without air. You were protected. You were fast. You had reflection. You were extremely lucky. You had extra luck. Good luck did not time out for you. You are dead. Vanquished creatures: an arch-lich a purple worm The Oracle an aligned priest an ettin a vampire 9 ghosts a queen bee a giant mimic a rock troll 2 umber hulks a flesh golem a hezrou 2 bone devils 5 large mimics a baby long worm a baby purple worm a long worm 3 couatls 2 stalkers an air elemental 2 water elementals a hill giant a black naga 2 xorns a giant zombie an elf-lord a sergeant a water demon 15 wargs a winter wolf 8 small mimics 3 glass piercers 3 warhorses 3 xans 3 ettin mummies 2 ogre lords 3 quantum mechanics 8 trolls 2 gelatinous cubes a large dog 2 freezing spheres a shocking sphere a large cat 3 tigers 3 dwarf kings 6 tengu 5 ochre jellies 2 leocrottas a mountain centaur 2 elf mummies 2 human mummies 2 red nagas 2 pit vipers 2 pythons 2 cobras 9 wraiths a carnivorous ape 6 ettin zombies a leather golem 8 Grey-elves 2 soldiers 3 succubi 5 chameleons a crocodile 6 giant beetles a quivering blob 4 cockatrices 3 wolves 6 winter wolf cubs a lynx 4 gremlins 2 spotted jellies 3 leprechauns 2 orc-captains 6 iron piercers a mumak 6 giant spiders a scorpion a horse an ice vortex 3 black lights 16 vampire bats a forest centaur 8 gnome kings 7 orc mummies 3 dwarf mummies 3 ogres 3 brown puddings a rust monster 4 owlbears 3 yetis 5 gold golems 6 Green-elves 5 lizards 3 chickatrices 5 dogs 4 dingos a housecat 2 jaguars 3 dwarf lords 10 blue jellies 6 white unicorns 4 dust vortices 2 ravens 3 gnome mummies 5 snakes 7 water moccasins 3 apes 7 human zombies 4 rope golems 5 Woodland-elves 17 soldier ants 11 fire ants 12 bugbears 6 imps 3 quasits 4 wood nymphs 4 water nymphs 2 mountain nymphs 12 Mordor orcs 6 Uruk-hai an orc shaman 5 rock piercers 6 rock moles 6 ponies 9 fog clouds 9 yellow lights 2 shriekers 8 violet fungi 25 gnome lords 7 gnomish wizards a kobold mummy a red naga hatchling a black naga hatchling a golden naga hatchling 3 guardian naga hatchlings 3 gray oozes 2 barrow wights 11 elf zombies 3 ghouls a straw golem 5 baby crocodiles 8 giant ants 4 little dogs 7 floating eyes 2 kittens 28 dwarves 6 homunculi 4 kobold lords 3 kobold shamans 42 hill orcs 17 rothes 4 centipedes 4 giant bats 7 monkeys 5 orc zombies 6 dwarf zombies 5 werejackals 11 iguanas 32 killer bees 4 acid blobs 8 coyotes 9 hobbits 11 manes 2 large kobolds 23 hobgoblins 7 giant rats 5 cave spiders 2 brown molds 5 yellow molds 4 green molds a red mold 80 gnomes 13 garter snakes 8 gnome zombies 8 geckos 31 jackals 4 foxes 5 kobolds 8 goblins 12 sewer rats 14 grid bugs 8 bats 12 lichens 4 kobold zombies 16 newts 1048 creatures vanquished. Genocided species: arch-liches jellyfish piranhas sharks giant eels electric eels krakens 7 species genocided. Voluntary challenges: You used a wielded weapon 1326 times, starting on turn 191. You read items or engraved 294 times, starting on turn 783. You genocided 7 types of monsters, starting on turn 11460. You polymorphed 1 item, starting on turn 15430. You never changed form. You used 1 wish, starting on turn 116. You did not wish for any artifacts. You split 1 pudding, starting on turn 28699. You wrote Elbereth's name 6 times, starting on turn 5278. You violated your moral code, losing 147 points of alignment, starting on turn 7014. Dungeon overview: The Dungeons of Doom: levels 1 to 25 Level 1 a fountain a long staircase Level 2 Level 3 a weapon shop, an altar to Thoth, a sink stairs to The Gnomish Mines Level 4 Level 5 Level 6 Level 7 Level 8 stairs to Sokoban Level 9 Level 10 Level 11 an altar to Thoth Level 12 Level 13 a sink Level 14 a general store portal to The Quest Level 15 Level 16 an altar to Thoth Level 17 Level 18 Level 19 Level 20 Level 21 a sink Level 22 Level 23 Level 24 Level 25 <- You were here The Gnomish Mines: levels 4 to 12 Level 4 stairs to The Dungeons of Doom Level 5 Level 6 Level 7 some shops, a temple to Thoth, some fountains, a sink Level 8 Level 9 Level 10 Level 11 Level 12 a fountain The Quest: Level 1 a throne portal to The Dungeons of Doom Sokoban: Level 7 stairs to The Dungeons of Doom History has recorded: On T:1 you entered the Dungeons of Doom to retrieve the Amulet of Yendor! On T:116 you wished for "blessed +2 silver dragon scale mail". On T:386 you reached level 2 of The Dungeons of Doom. On T:600 you reached level 3 of The Dungeons of Doom. On T:643 you advanced to experience level 2. On T:1271 you reached level 1 of The Gnomish Mines. On T:1381 you advanced to experience level 3. On T:1748 you reached level 4 of The Dungeons of Doom. On T:1945 you advanced to experience level 4. On T:2498 you reached level 5 of The Dungeons of Doom. On T:2612 you advanced to experience level 5. On T:3067 you reached level 6 of The Dungeons of Doom. On T:3330 you reached level 7 of The Dungeons of Doom. On T:3786 you advanced to experience level 6. On T:5687 you advanced to experience level 7. On T:5753 you received Magicbane from Thoth. On T:6216 you reached level 2 of The Gnomish Mines. On T:6308 you reached level 3 of The Gnomish Mines. On T:6951 you reached level 4 of The Gnomish Mines. On T:7974 you advanced to experience level 8. On T:9414 you reached level 8 of The Dungeons of Doom. On T:9746 you reached level 9 of The Dungeons of Doom. On T:9895 you reached level 4 of Sokoban. On T:10207 you reached level 10 of The Dungeons of Doom. On T:11171 you advanced to experience level 9. On T:12789 you received Ogresmasher from Thoth. On T:13285 you received Fire Brand from Thoth. On T:15160 you reached level 11 of The Dungeons of Doom. On T:15702 you reached level 12 of The Dungeons of Doom. On T:15938 you received Cleaver from Thoth. On T:16263 you advanced to experience level 10. On T:18444 you reached level 5 of The Gnomish Mines. On T:18505 you reached level 6 of The Gnomish Mines. On T:19377 you reached level 7 of The Gnomish Mines. On T:19477 you reached level 8 of The Gnomish Mines. On T:20191 you reached level 9 of The Gnomish Mines. On T:22320 you advanced to experience level 11. On T:26405 you reached level 13 of The Dungeons of Doom. On T:26813 you reached level 14 of The Dungeons of Doom. On T:27009 you reached level 15 of The Dungeons of Doom. On T:27210 you reached level 1 of The Quest. On T:28405 you reached level 16 of The Dungeons of Doom. On T:28454 you reached level 17 of The Dungeons of Doom. On T:29193 you reached level 18 of The Dungeons of Doom. On T:29460 you reached level 19 of The Dungeons of Doom. On T:30245 you reached level 20 of The Dungeons of Doom. On T:31353 you advanced to experience level 12. On T:31564 you reached level 21 of The Dungeons of Doom. On T:31763 you reached level 22 of The Dungeons of Doom. On T:33608 you reached level 23 of The Dungeons of Doom. On T:34396 you reached level 24 of The Dungeons of Doom. On T:34838 you reached level 25 of The Dungeons of Doom. Score breakdown: Gold: 16908 (14382 points) Experience: 12 levels (18476 points) Exploration: 25 levels ( 49.02%) (20784 points) Discoveries: 64 items ( 22.30%) (14166 points) Valuables value: (no points given unless you survive) Artifact value: 3500 (12056 points) Variety of kills: 187 monsters ( 49.08%) (21017 points) Turncount: 34900 turns (-4225 points) Survival: died (score multiplied by 80%) Total score: 77324 Latest messages: The winged gargoyle bites! The ogre king swings his club. The ogre king hits! The green dragon bites! The green dragon hits! (2x) The invisible captain wields a long sword! The invisible captain swings her long sword. The invisible captain just misses! The Elvenking drinks a potion of invisibility! The Elvenking's body takes on a strange transparency. You sense a faint wave of psychic energy. The invisible titan casts a spell! The invisible titan is suddenly moving faster. You feel much better. The winged gargoyle hits! (2x) The winged gargoyle just misses! The ogre king swings his club. The ogre king hits! The green dragon bites! You die... Final status: Goodbye wizbiz the Wizard, killed by a green dragon... You died in The Dungeons of Doom on dungeon level 25 with 77324 points, and 16908 pieces of gold, after 34900 moves. You were level 12 with a maximum of 111 hit points when you died.